 Dungeon Crawl Stone Soup version 0.30-a0-218-gedb9141078 (webtiles) character file.

Game seed: 4753977704583168055

22805 LnG the Unseen (level 13, -4/75 HPs)
             Began as a Kobold Summoner on Oct 6, 2022.
             Was an Elder of Dithmenos.
             Slain by a white ugly thing (15 damage)
             ... on level 14 of the Dungeon.
             The game lasted 01:12:37 (16218 turns).

LnG the Unseen (Kobold Summoner)                   Turns: 16218, Time: 01:12:38

Health: -4/75      AC:  8    Str:  6    XL:     13   Next: 30%
Magic:  23/23      EV: 36    Int: 21    God:    Dithmenos [****..]
Gold:   1858       SH:  0    Dex: 21    Spells: 6/25 levels left

rFire   + . .      SeeInvis +    v - +7 sceptre of Torment {pain, torment}
rCold   . . .      Faith    .    (no shield)
rNeg    . . .      Spirit   .    c - +2 robe {Will+}
rPois   .          Reflect  .    K - +1 helmet
rElec   +          Harm     .    g - +1 cloak
rCorr   .          Rampage  .    (no gloves)
Will    +....                    (no boots) Stlth **++++++++
                                 o - amulet of the acrobat
HPRegen 0.32/turn                x - ring "Tamelleu" {rElec rF+ SInv}
MPRegen 0.18/turn                A - +6 ring of dexterity

@: about to teleport, acrobatic, wreathed by umbra
A: small, no large weapons, nightstalker 3
a: Renounce Religion, Shadow Step


You were on level 14 of the Dungeon.
You worshipped Dithmenos.
Dithmenos was greatly pleased with you.
You visited 2 branches of the dungeon, and saw 15 of its levels.
You also visited: Bailey.

You collected 1858 gold pieces.

Inventory:

Hand Weapons
 j - a +0 rapier of venom
 v - the +7 sceptre of Torment (weapon) {pain, torment}
   (You found it on level 5 of the Dungeon)

   In the hands of one skilled in necromantic magic, it inflicts extra damage on
   living creatures.
   It occasionally torments all nearby living foes when it strikes in combat.
 G - a +6 vorpal dagger
Armour
 c - a +2 robe of willpower (worn)
 g - a +1 cloak (worn)
 K - a +1 helmet (worn)
Jewellery
 h - a +4 ring of evasion
 o - an amulet of the acrobat (around neck)
 x - the ring "Tamelleu" (left hand) {rElec rF+ SInv}
   (You found it on level 5 of the Dungeon)

   [ring of see invisible]

   rF:        It protects you from fire.
   rElec:     It insulates you from electricity.
   SInv:      It lets you see invisible.
 A - a +6 ring of dexterity (right hand)
 N - the amulet "Viel" {RegenMP rCorr}
   (You found it on level 13 of the Dungeon)

   [amulet of magic regeneration]

   It increases your rate of magic regeneration.
   rCorr:     It protects you from acid and corrosion.
Wands
 d - a wand of flame (11)
 y - a wand of light (14)
 B - a wand of digging (7)
 F - a wand of paralysis (7)
 H - a wand of polymorph (8)
Scrolls
 a - a scroll of blinking
 k - 8 scrolls of teleportation
 m - 5 scrolls of fear
 n - a scroll of brand weapon
 p - 2 scrolls of magic mapping {unknown}
 s - 2 scrolls of acquirement {unknown}
 w - 2 scrolls of poison {unknown}
 D - 2 scrolls of vulnerability {unknown}
 E - 2 scrolls of fog {unknown}
 I - a scroll of immolation {unknown}
 M - a scroll of summoning {unknown}
Potions
 b - a potion of magic
 e - 5 potions of flight
 f - a potion of experience {unknown}
 i - 3 potions of curing
 l - 3 potions of ambrosia {unknown}
 q - 2 potions of cancellation {unknown}
 r - 4 potions of mutation {unknown}
 t - a potion of resistance {unknown}
 u - 2 potions of invisibility {unknown}
 z - 2 potions of haste {unknown}
 C - 2 potions of might {unknown}
 L - 3 potions of brilliance {unknown}
Miscellaneous
 J - a phantom mirror (inert)


   Skills:
 + Level 6.5 Fighting
 + Level 5.9 Short Blades
 + Level 9.1 Maces & Flails
 + Level 8.5 Dodging
 * Level 18.2 Stealth
 + Level 6.7 Spellcasting
 + Level 8.0 Summonings
 + Level 1.5 Air Magic


You had 6 spell levels left.
You knew the following spells:

 Your Spells              Type           Power      Damage    Failure   Level
a - Summon Small Mammal   Summ           100%       N/A       1%          1
b - Call Imp              Summ           41%        N/A       1%          2
c - Call Canine Familiar  Summ           41%        N/A       1%          3
d - Summon Guardian Gole  Hex/Summ       24%        N/A       4%          3
e - Summon Lightning Spi  Summ/Air       27%        N/A       12%         4
f - Summon Cactus Giant   Summ           20%        N/A       45%         6

Your spell library contained the following spells:

 Spells                   Type           Power      Damage    Failure   Level
 Apportation              Tloc           14%        N/A       9%          1
 Necrotise                Necr           28%        1d5       9%          1
 Poisonous Vapours        Pois/Air       20%        N/A       10%         2
 Cigotuvi's Dreadful Rot  Necr/Pois/Air  18%        N/A       11%         2
 Scorch                   Fire           14%        2d6       14%         2
 Mephitic Cloud           Conj/Pois/Air  9%         N/A       22%         3
 Airstrike                Air            6%         2d(1-17)  43%         4
 Flame Wave               Conj/Fire      7%         2d5       65%         4
 Lightning Bolt           Conj/Air       5%         1d17      88%         5
 Conjure Ball Lightning   Conj/Air       5%         3x3d6     100%        6
 Discord                  Hex            3%         N/A       100%        8
 Disjunction              Tloc           3%         N/A       100%        8


Dungeon Overview and Level Annotations

Branches:
Dungeon (14/15)            Temple (1/1) D:4            Lair (0/5) D:8
    Orc (0/2) D:9          Vaults (0/5) D:13         Bailey (visited)

Altars:
Ashenzari
Cheibriados
Dithmenos
Elyvilon
Fedhas
Gozag
Hepliaklqana
Kikubaaqudgha
Makhleb
Nemelex Xobeh
Okawaru
Qazlal
Ru
Sif Muna
Trog
Uskayaw
Vehumet
Wu Jian
Xom
Yredelemnul
Zin
The Shining One

Shops:
D:7 (   D:8 ((

Portals:
Trove: D:10 (give 6 scrolls of fog)

Annotations:
D:6 3 runed translucent doors, PyroL's ghost, novice AtWr


Innate Abilities, Weirdness & Mutations

You are small and have problems with some larger weapons.
You are completely attuned to the shadows.


Message History

A centaur comes into view.
The centaur wields a +0 shortbow.
The centaur shoots an arrow.
The arrow closely misses you.
A centaur comes into view. It is quivering atropa-tipped darts.
The centaur wields a +0 shortbow.
The centaur shoots an arrow.
The arrow hits you.
The centaur shouts!
You closely miss the centaur warrior.
Your shadow hits the centaur warrior with an eveningstar!
The centaur warrior barely misses you. The centaur warrior closely misses you.
The centaur shoots an arrow.
The arrow barely misses you.
A centaur comes into view.
The centaur wields a +0 shortbow.
The centaur shoots an arrow.
The arrow hits you.
The white ugly thing gurgles horribly!
As you read the scroll of teleportation, it crumbles to dust.
You feel strangely unstable. The centaur warrior barely misses you.
The centaur warrior kicks you but does no damage.
The white ugly thing completely misses you.
You sock the centaur warrior!
The centaur warrior is moderately wounded.
The centaur warrior hits you.
The centaur warrior kicks you but does no damage.
The centaur unwields a +0 shortbow.
The centaur misses you. The centaur completely misses you.
The white ugly thing gores you! The white ugly thing freezes you!!
The white ugly thing basks in the mutagenic energy from its kin and changes!
The centaur warrior completely misses you.
The centaur warrior kicks you but does no damage.
The centaur attacks as you move away! The centaur barely misses you.
The centaur completely misses you. The centaur attacks as you move away!
The centaur completely misses you. The centaur misses you.
The centaur wields a +0 shortbow.
The centaur shoots an arrow.
The arrow misses you. The centaur warrior hits you!
* * * LOW HITPOINT WARNING * * *
The centaur warrior completely misses you.
The centaur completely misses you. x2; The white ugly thing gores you!
* * * LOW HITPOINT WARNING * * *
The white ugly thing freezes you!
You die...

............#..# ..
##..........##..
..##...........####
..................##..
....................#.#
....c.................#
....u.c..รท.............
....ucc................
.....u@c...............
.....c........##.......
.............####......
.#.#.#......### #......
............##.##......
#.#.#......##.........
.........[.#.........
.#.#.................
....................#


You could see 3 ugly things, a centaur warrior and 5 centaurs.

Vanquished Creatures
  A hydra (D:13)
  4 vault guards
  A centaur warrior (D:12)
  2 catoblepae (D:14)
  A two-headed ogre (D:10)
  A boulder beetle (D:12)
  A tengu warrior (D:13)
  Nergalle (D:11)
  2 cyclopes
  2 manticores
  2 ugly things (D:9)
  2 gargoyles
  3 unseen horrors (D:12)
  A yaktaur (D:11)
  A tengu conjurer (D:13)
  2 kobold demonologists (D:14)
  7 trolls
  A hornet (D:8)
  A slime creature (D:14)
  Sigmund (D:6)
  A shadow (D:11)
  2 water elementals (D:12)
  A vampire (D:10)
  Eustachio (D:6)
  10 yaks
  A wraith (D:11)
  2 basilisks
  2 wyverns
  4 vampire mosquitoes
  Menkaure (D:6)
  A naga (shapeshifter) (D:13)
  Duvessa (D:6)
  4 acid dragons
  6 orc warriors
  2 black bears
  4 sky beasts
  2 centaurs
  A kobold brigand (D:13)
  5 bullfrogs
  A nameless horror (D:11)
  A gnoll sergeant (D:10)
  4 scorpions
  3 wights (D:8)
  Dowan (D:6)
  5 killer bees (D:11)
  5 howler monkeys
  4 electric eels
  3 orc priests
  4 hounds
  2 jellies (D:5)
  Jessica (D:2)
  A gnoll bouda (D:5)
  4 iguanas
  7 orc wizards
  Terence (D:3)
  12 gnolls
  5 adders
  2 shadow imps
  2 white imps
  A worm (D:2)
  6 dart slugs
  33 orcs
  3 endoplasms
  10 goblins
  6 hobgoblins
  6 jackals
  3 quokkas
  5 ball pythons
  A bat (D:2)
  3 frilled lizards (D:3)
  14 kobolds
  4 rats
251 creatures vanquished.

Vanquished Creatures (collateral kills)
  A komodo dragon (D:12)
  A wraith (D:9)
  2 vampire mosquitoes (D:12)
  A gnoll sergeant (D:4)
  A scorpion (D:6)
  2 wights (D:8)
  3 orc priests (D:3)
  3 orc wizards
  2 adders (D:2)
  2 gnolls (D:4)
  2 worms
  A dart slug (D:1)
  4 orcs
  4 endoplasms
  3 giant cockroaches
  2 goblins
  2 hobgoblins (D:2)
  5 jackals
  5 kobolds
  A quokka (D:1)
  3 ball pythons
  5 rats (D:1)
55 creatures vanquished.

Vanquished Creatures (others)
  A wizard (D:10)
  A wyvern (D:8)
2 creatures vanquished.

Grand Total: 308 creatures vanquished

Notes
Turn   | Place    | Note
-------+----------+-------------------------------------------
     0 | D:1      | LnG the Kobold Summoner began the quest for the Orb.
     0 | D:1      | Reached XP level 1. HP: 10/10 MP: 3/3
   180 | D:1      | Reached XP level 2. HP: 14/15 MP: 1/5
   684 | D:1      | Reached XP level 3. HP: 19/19 MP: 3/6
   811 | D:1      | Reached skill level 3 in Stealth
  1295 | D:2      | Learned a level 2 spell: Call Imp
  1299 | D:2      | Learned a level 3 spell: Call Canine Familiar
  1348 | D:2      | Reached XP level 4. HP: 23/24 MP: 5/7
  1524 | D:2      | Reached skill level 4 in Stealth
  1668 | D:2      | Noticed Jessica
  1672 | D:2      | Killed Jessica
  1676 | D:2      | Reached XP level 5. HP: 28/28 MP: 9/9
  1680 | D:2      | Learned a level 3 spell: Summon Guardian Golem
  2045 | D:3      | Found a sparkling altar of Nemelex Xobeh.
  2124 | D:3      | Reached skill level 5 in Stealth
  2130 | D:3      | Found a snail-covered altar of Cheibriados.
  2241 | D:3      | Found a burning altar of Makhleb.
  2243 | D:3      | Found a sacrificial altar of Ru.
  2247 | D:3      | Reached XP level 6. HP: 33/33 MP: 10/10
  2400 | D:3      | Reached skill level 6 in Stealth
  2681 | D:3      | Noticed Terence
  2711 | D:3      | Killed Terence
  2712 | D:3      | Reached skill level 1 in Short Blades
  2712 | D:3      | Reached skill level 5 in Summonings
  2801 | D:3      | Found an iron altar of Okawaru.
  2827 | D:3      | Reached skill level 7 in Stealth
  3219 | D:3      | Reached XP level 7. HP: 12/37 MP: 5/11
  3692 | D:4      | Reached skill level 1 in Fighting
  3996 | D:4      | Reached skill level 8 in Stealth
  4068 | D:4      | Reached XP level 8. HP: 43/43 MP: 13/13
  4470 | D:4      | Reached skill level 9 in Stealth
  4497 | D:4      | Found a staircase to the Ecumenical Temple.
  4502 | Temple   | Entered the Ecumenical Temple
  4521 | Temple   | Became a worshipper of Dithmenos the Shadowed
  4623 | D:5      | Entered Level 5 of the Dungeon
  4623 | D:5      | Found the +7 sceptre of Torment {pain, torment}
  4647 | D:5      | Identified the ring "Tamelleu" {rElec rF+ SInv}
  5442 | D:6      | Reached skill level 1 in Maces & Flails
  5474 | D:6      | Reached skill level 10 in Stealth
  5488 | D:6      | Noticed Sigmund
  5493 | D:6      | Killed Sigmund
  5494 | D:6      | Reached XP level 9. HP: 48/48 MP: 14/14
  5499 | D:6      | Learned a level 4 spell: Summon Lightning Spire
  5575 | D:6      | Noticed Dowan
  5580 | D:6      | Killed Dowan
  5580 | D:6      | Noticed Duvessa
  5600 | D:6      | Killed Duvessa
  5756 | D:6      | Noticed Menkaure
  5763 | D:6      | Killed Menkaure
  5835 | D:6      | Found a runed translucent gate.
  5835 | D:6      | Found a runed translucent gate.
  5835 | D:6      | Found a runed translucent gate.
  5836 | D:6      | Noticed PyroL's ghost (novice AtWr)
  5881 | D:6      | Reached * piety under Dithmenos
  5920 | D:6      | Noticed Eustachio
  5926 | D:6      | Killed Eustachio
  5927 | D:6      | Reached skill level 11 in Stealth
  6410 | D:7      | Found a basalt altar of Yredelemnul.
  6766 | D:7      | Found Utuzxyomo's Weapon Emporium.
  7144 | D:7      | Found a shimmering blue altar of Sif Muna.
  7358 | D:7      | Found a glowing golden altar of the Shining One.
  7447 | D:8      | Found Keethri's Antique Weapon Boutique.
  7876 | D:8      | Reached XP level 10. HP: 30/56 MP: 16/16
  8006 | D:8      | Found a broken altar of Ashenzari.
  8025 | D:8      | Reached skill level 5 in Maces & Flails
  8099 | D:8      | Reached skill level 5 in Dodging
  8339 | D:8      | Found Kiahyzoth's Antique Weapon Shoppe.
  8353 | D:8      | Found a staircase to the Lair.
  8501 | D:8      | Reached skill level 12 in Stealth
  9057 | D:9      | Noticed a red ugly thing
  9060 | D:9      | Killed a red ugly thing
  9082 | D:9      | Reached skill level 13 in Stealth
  9082 | D:9      | Noticed a purple ugly thing
  9085 | D:9      | Killed a purple ugly thing
  9086 | D:9      | Reached XP level 11. HP: 62/62 MP: 18/18
  9196 | D:9      | Reached skill level 5 in Spellcasting
  9368 | D:9      | Found a glowing silver altar of Zin.
  9888 | D:9      | Found a staircase to the Orcish Mines.
 10153 | D:10     | Entered Level 10 of the Dungeon
 10257 | D:10     | Found a flagged portal.
 10290 | Bailey   | Entered a bailey
 10344 | Bailey   | Reached ** piety under Dithmenos
 10495 | Bailey   | Reached skill level 14 in Stealth
 10800 | D:10     | Found a hazy altar of Hepliaklqana.
 10810 | D:10     | Found a radiant altar of Vehumet.
 11002 | D:10     | Found a stormy altar of Qazlal.
 11119 | D:10     | Reached skill level 5 in Fighting
 11163 | D:10     | Noticed a two-headed ogre
 11167 | D:10     | Killed a two-headed ogre
 11223 | D:10     | Found a bloodstained altar of Trog.
 11226 | D:10     | Noticed a wizard
 11232 | D:10     | Killed a wizard
 11440 | D:10     | Noticed a vault guard
 11443 | D:10     | Killed a vault guard
 11446 | D:10     | Found a portal to a secret trove of treasure.
 12006 | D:11     | Noticed a cyclops
 12010 | D:11     | Killed a cyclops
 12011 | D:11     | Reached skill level 15 in Stealth
 12396 | D:11     | Reached *** piety under Dithmenos
 12627 | D:11     | Learned a level 6 spell: Summon Cactus Giant
 12933 | D:10     | Reached XP level 12. HP: 26/68 MP: 3/19
 13443 | D:11     | Noticed Nergalle
 13454 | D:11     | Killed Nergalle
 13639 | D:12     | Noticed a centaur warrior
 13646 | D:12     | Killed a centaur warrior
 13647 | D:12     | Reached skill level 16 in Stealth
 13738 | D:12     | Noticed a boulder beetle
 13795 | D:12     | Killed a boulder beetle
 13796 | D:12     | Reached skill level 5 in Short Blades
 13796 | D:12     | Reached skill level 1 in Air Magic
 14818 | D:13     | Noticed a vault guard
 14818 | D:13     | Noticed a vault guard
 14818 | D:13     | Noticed a vault guard
 14819 | D:13     | Found a gate to the Vaults.
 14819 | D:13     | Noticed a vault guard
 14819 | D:13     | Noticed a vault guard
 14820 | D:13     | Noticed a vault guard
 14820 | D:13     | Noticed a vault guard
 14820 | D:13     | Noticed a vault guard
 14822 | D:13     | Killed a vault guard
 14823 | D:13     | Reached skill level 17 in Stealth
 14823 | D:13     | Killed a vault guard
 14824 | D:13     | Killed a vault guard
 15114 | D:13     | Identified the amulet "Viel" {RegenMP rCorr}
 15191 | D:13     | Noticed a tengu warrior
 15193 | D:13     | Reached XP level 13. HP: 74/74 MP: 22/22
 15228 | D:13     | HP: 2/74 [poisoned by a vault guard]
 15656 | D:14     | Noticed a catoblepas
 15667 | D:13     | Reached **** piety under Dithmenos
 15726 | D:13     | Noticed a seven-headed hydra
 15731 | D:13     | Killed a seven-headed hydra
 15849 | D:14     | Noticed a catoblepas
 15854 | D:14     | Killed a catoblepas
 15855 | D:14     | Reached skill level 18 in Stealth
 16098 | D:14     | Killed a catoblepas
 16211 | D:14     | Noticed a centaur warrior
 16218 | D:14     | Slain by a white ugly thing

Illustrated notes

Levels and vault maps discovered:
D:1:      dpeg_arrival_prison, layout_basic, chequers_ecumenical_altar_island,
          nicolae_concentric_dashed_squares_mild, chequers_avenue
D:2:      layout_rooms, kennysheep_doodads, grunt_ministairs_4, minivault_26,
          minmay_pentomino_t2, uniq_jessica
D:3:      cheibrodos_pilgrimage, layout_basic, okawaru_metal_pillars_1_2,
          mainiacjoe_overflow_brackets, mainiacjoe_overflow_catwalk_spiral,
          cheibrodos_worm_habitat, dreamdust_princess_bridge,
          kennysheep_generic_room_8, uniq_terence
D:4:      layout_loops_ring, minmay_temple_entry_proselytizer, nicolae_titane
D:5:      layout_basic, feat_on_display
D:6:      layout_basic, ebering_ghost_rock_garden, uniq_sigmund, uniq_eustachio,
          uniq_duvessa, uniq_menkaure
D:7:      layout_basic, mainiacjoe_overflow_chevrons, tso_altar,
          mainiacjoe_overflow_paths, serial_shops, nicolae_shop_behind_doors,
          item_on_display_a
D:8:      minmay_general_purpose_star, layout_cave_pools,
          evilmike_ruin_ashenzari, serial_shops, kennysheep_mini_moat, shop,
          glass_columns_b, lemuel_flamethrower_2
D:9:      minmay_distorted_concentric_squares, layout_loops_corners,
          lemuel_doored_altar, orc_0_dummy, kennysheep_cross_room
D:10:     layout_grid_maze, mainiacjoe_overflow_six_doors_small, trog_wizard,
          nicolae_qazlal_style_of_elements, mainiacjoe_overflow_tiny_flanked,
          enter_bailey_5, enter_trove_5
D:11:     layout_rooms, uniq_nergalle
D:12:     layout_basic
D:13:     layout_basic, erik_vaults_2, portal_ice_cave_entry_pillars_2
D:14:     layout_cave_pools, serial_glass, glass_columns_b, glass_columns_b,
          glass_columns_a, glass_columns_a, glass_columns_a, glass_columns_a,
          glass_columns_b, glass_columns_c, glass_columns_b, glass_columns_a
Temple:   hellmonk_temple_micro_hex

Skill      XL: |  1  2  3  4  5  6  7  8  9 10 11 12 13 |
---------------+----------------------------------------+-----
Stealth        | 3 4 5 7 8 10 11 13 15 17 18 | 18.2
Dodging        | 3 4 6 7 8 |  8.5
Short Blades   | 1 2 3 4 5 |  5.9
Summonings     | 5 6 7 8 |  8.0
Spellcasting   | 3 4 5 6 |  6.7
Fighting       | 1 2 3 4 5 6 |  6.5
Maces & Flails | 2 4 6 8 9 |  9.1
Air Magic      | 1 |  1.5

Action                   |  1- 3 |  4- 6 |  7- 9 | 10-12 | 13-15 || total
-------------------------+-------+-------+-------+-------+-------++-------
Melee: Unarmed           |    17 |       |       |       |       ||    17
       Dagger            |    31 |    41 |       |   134 |     8 ||   214
       Rapier            |       |    54 |    58 |       |       ||   112
       Punch             |       |     2 |     1 |     3 |       ||     6
       Eveningstar       |       |       |   118 |   204 |    27 ||   349
 Cast: Summon Small Mamm |    40 |     1 |     3 |       |       ||    44
       Call Imp          |     1 |     6 |     8 |     9 |     2 ||    26
       Call Canine Famil |       |     6 |    15 |    23 |     4 ||    48
       Summon Guardian G |       |       |     1 |       |       ||     1
       Summon Lightning  |       |       |       |    11 |     3 ||    14
Evoke: Wand              |       |       |       |     1 |       ||     1
       Phantom mirror    |       |       |       |     1 |       ||     1
  Use: Scroll            |     2 |     2 |     1 |     9 |     3 ||    17
       Potion            |       |     1 |     2 |     7 |     1 ||    11
 Stab: Sleeping          |     9 |    24 |    31 |    46 |     6 ||   116
       Distracted        |       |     1 |     2 |     7 |     1 ||    11
       Confused          |       |       |     1 |       |       ||     1
Armor: Robe              |     4 |    12 |    24 |    39 |    13 ||    92
Dodge: Dodged            |    52 |    72 |   170 |   444 |    86 ||   824

Table legend: (Time is in decaauts)
 A = Elapsed time spent in this place.
 B = Non-inter-level travel time spent in this place.
 C = Inter-level travel time spent in this place.
 D = Time resting spent in this place.
 E = Time spent auto-exploring this place.
 F = Levels seen in this place.
 G = Mean time per level.
                   A        B        C        D        E       F      G
               +--------+--------+--------+--------+--------+-----+--------+
         Total |  16294 |  15548 |    746 |   3141 |   5952 |  16 | 1018.4 |
       Dungeon |  15900 |  15171 |    729 |   3141 |   5891 |  14 | 1135.7 |
        Temple |     35 |     18 |     17 |      0 |     13 |   1 |   35.0 |
        Bailey |    358 |    358 |      0 |      0 |     47 |   1 |  358.0 |
               +--------+--------+--------+--------+--------+-----+--------+

Top non-repeatable levels by time:
    D:10: 1773 daAuts
    D:12: 1677 daAuts
     D:8: 1554 daAuts
     D:3: 1547 daAuts
     D:9: 1301 daAuts
     D:4: 1240 daAuts
    D:11: 1142 daAuts
     D:6: 1128 daAuts
     D:1: 1121 daAuts
     D:5: 813 daAuts
     D:7: 801 daAuts
     D:2: 801 daAuts
    D:13: 511 daAuts
    D:14: 486 daAuts
  Bailey: 358 daAuts
